Map: Temple gelé

Players

thedarkside - Winner!

  • Race: Zerg Zerg
  • League: Master

Worming

  • Race: Zerg Zerg
  • League: Diamond

VOD

Have the link to the VOD?

Description

Time

  • Played on: May 21, 2016, 4:28 a.m.
  • Length: 5:46
Show
View Real Time Build Order
Export as new Build Order

thedarkside Zerg - Winner!

Build Orders: Hatch First 

Get SALT Encoding   

  12  0:01  Drone  
  13  0:08  Drone  
  14  0:17  Overlord  
  14  0:39  Drone x3  
  17  0:57  Hatchery  
  17  0:59  Drone  
  17  1:05  Drone  
  18  1:12  Extractor  
  18  1:16  Spawning Pool  
  16  1:20  Drone  
  17  1:28  Drone  
  18  1:37  Drone  
  19  1:46  Overlord  
  19  1:56  Drone  
  20  2:05  Queen  
  20  2:08  Zergling x2  
  23  2:09  Queen  
  23  2:10  Drone  
  23  2:14  Metabolic Boost  
  26  2:17  Drone  
  26  2:21  Drone  
  28  2:32  Drone x2  
  30  2:40  Drone  
  31  2:48  Baneling Nest, Zergling x4  
  32  2:57  Zergling x2  
  33  3:10  Drone x3  
  36  3:14  Hatchery  
  36  3:18  Zergling x2  
  36  3:19  Overlord  
  36  3:25  Overlord  
  36  3:40  Zergling x2  
  36  3:41  Zergling x10  
  42  3:47  Zergling x2  
  43  3:48  Baneling  
  43  3:49  Baneling  
  43  3:52  Zergling x8  
  47  4:01  Zergling x2  
  47  4:02  Zergling x6  
  47  4:11  Baneling x2  
  47  4:14  Zergling x4  
  49  4:19  Baneling x3  
  49  4:22  Zergling x4  
  42  5:01  Zergling x22  
  42  5:02  Zergling x8  
  52  5:15  Drone  
  52  5:16  Drone, Zergling x2, Roach Warren  
  55  5:28  Zergling x4  
  55  5:29  Zergling x2  
Show
View Real Time Build Order
Export as new Build Order

Worming Zerg 

Build Orders: Pool First 

Get SALT Encoding   

  12  0:01  Drone  
  13  0:12  Overlord  
  13  0:18  Drone  
  14  0:31  Drone x2  
  14  0:35  Drone  
  17  0:45  Drone  
  18  0:56  Spawning Pool  
  17  0:58  Drone, Extractor  
  17  1:15  Hatchery  
  17  1:18  Drone  
  17  1:32  Drone  
  18  1:33  Overlord  
  18  1:42  Queen  
  18  1:43  Zergling x2  
  21  1:52  Drone  
  22  2:03  Metabolic Boost  
  22  2:05  Drone  
  23  2:12  Drone  
  24  2:21  Queen  
  26  2:30  Queen  
  26  2:31  Drone x2  
  29  2:46  Drone x3  
  29  2:49  Overlord  
  32  2:52  Drone x3  
  35  3:06  Overlord  
  35  3:11  Drone x3  
  38  3:25  Zergling x4  
  40  3:29  Zergling x4  
  42  3:36  Hatchery  
  42  3:37  Zergling x8  
  45  3:46  Overlord  
  38  4:14  Spine Crawler  
  38  4:15  Roach Warren  
  35  4:28  Evolution Chamber x2  
  33  4:35  Zergling x22  
  33  4:36  Zergling x2  
  42  4:42  Evolution Chamber  
  20  5:10  Zergling x2  
  20  5:11  Zergling x14  
  26  5:21  Spine Crawler  
  25  5:33  Drone x4  
Tags
 
Add a new tag
Caveats
  • Supply blocks, unpowered buildings, or Contaminate may cause inaccurate times.
  • Supply counts are checked every 10 seconds.